 Dungeon Crawl Stone Soup version 0.23-a0-642-g3120c2f5a9 (webtiles) character file.

21 Adamkad1 the Ruffian (level 2, 0/25 HPs)
             Began as a Naga Transmuter on Dec 31, 2018.
             Slain by an adder (4 damage)
             ... on level 2 of the Dungeon.
             The game lasted 00:01:47 (1967 turns).

Adamkad1 the Ruffian (Naga Transmuter)              Turns: 1967, Time: 00:01:47

Health: 0/25       AC:  1    Str: 12    XL:     2   Next: 87%
Magic:  2/5        EV: 10    Int: 13    God:
Gold:   67         SH:  0    Dex: 13    Spells: 2/5 levels left

rFire    . . .     SeeInvis +     - Unarmed
rCold    . . .     Gourm    .   (no shield)
rNeg     . . .     Faith    .   f - +0 robe (curse)
rPois    +         Spirit   .   (no helmet)
rElec    .         Reflect  .   (no cloak)
rCorr    .         Harm     .   (no gloves)
MR       .....                  (no barding)
Stlth    +.........             (no amulet)
HPRegen  0.08/turn              h - +2 ring of dexterity
MPRegen  0.09/turn              (no ring)

@: short of breath, appendage (expiring), very slow
A: large, horns 2, see invisible, deformed body, poison resistance, slowness 2,
slow metabolism 1, spit poison 1, AC +0
a: Spit Poison, End Transformation


You were on level 2 of the Dungeon.
You were hungry.
You had grown temporary horns.
You visited 1 branch of the dungeon, and saw 2 of its levels.

You collected 67 gold pieces.

Inventory:

Missiles
 a - 23 arrows
Armour
 b - a +0 robe
 f - a cursed +0 robe (worn)
Jewellery
 h - a +2 ring of dexterity (left hand)
 i - an uncursed ring of stealth {unknown}
Scrolls
 e - 2 scrolls of remove curse
 g - a scroll of identify
Potions
 c - a potion of brilliance {unknown}
 j - 3 potions of haste {unknown}
Comestibles
 d - 5 rations


   Skills:
 + Level 1.4 Fighting
 + Level 1.8 Dodging
 + Level 3.2 Unarmed Combat
 + Level 2.2 Spellcasting
 + Level 2.2 Transmutations


You had 2 spell levels left.
You knew the following spells:

 Your Spells              Type           Power        Failure   Level  Hunger
a - Beastly Appendage     Tmut           #.....       10%         1    ##.....
b - Sticks to Snakes      Tmut           #.......     14%         2    ###....

Your spell library contained the following spells:

 Spells                   Type           Power        Failure   Level  Hunger
 Spider Form              Tmut/Pois      #.........   43%         3    ####...
 Ice Form                 Ice/Tmut       #.......     83%         4    #####..
 Blade Hands              Tmut           #.........   95%         5    ######.


Dungeon Overview and Level Annotations

Branches:
Dungeon (2/15)

Altars:


Innate Abilities, Weirdness & Mutations

You cannot wear boots.
Your serpentine skin is tough. (AC +0)
You have supernaturally acute eyesight. (SInv)
Armour fits poorly on your strangely shaped body.
Your system is resistant to poisons. (rPois)
You cover ground very slowly.
You have a slow metabolism.
You can spit poison.
You have a pair of horns on your head.


Message History

You are too injured to fight recklessly!
You miss the adder.
The adder is moderately wounded.
The adder bites you.
Press: ? - help, Shift-Dir - straight line, f - adder
Aim: an adder (lightly wounded)
The splash of poison misses the adder.
You feel slightly more hungry. The adder closely misses you.
Unknown command.
You barely miss the adder.
The adder is lightly wounded.
Your transformation is almost over.
The adder bites you.
* * * LOW HITPOINT WARNING * * *
Casting: Beastly Appendage (safe; 10% risk of failure)
Confirm with . or Enter, or press ? or * to list all spells.
You create a snake!
You now have 23 arrows.
The adder bites you.
* * * LOW HITPOINT WARNING * * *
The adder bites you.
You die...

..###.####..#
### #.......#
#.####..# #.#
#.####### #.#
#.......# ..
#######.# #.#
#.# #@# #S#
#S# #.# # #.#
# ... # #.# #
#.. #


You could see an adder and a friendly ball python.

Vanquished Creatures
  A leopard gecko (D:1)
  5 goblins
  4 hobgoblins
  4 bats
  A frilled lizard (D:1)
  A kobold (D:1)
  3 rats
19 creatures vanquished.

Notes
Turn   | Place    | Note
-------+----------+-------------------------------------------
     0 | D:1      | Adamkad1 the Naga Transmuter began the quest for the Orb.
     0 | D:1      | Reached XP level 1. HP: 18/18 MP: 3/3
   443 | D:1      | Reached XP level 2. HP: 25/25 MP: 3/5
   827 | D:1      | Learned a level 2 spell: Sticks to Snakes
  1967 | D:2      | Slain by an adder

Vault maps used:
D:1:      grunt_arrival_lava_bath, serial_forest,
          infiniplex_forest_clump_diagonal, infiniplex_forest_clump_large,
          infiniplex_forest_pool, infiniplex_forest_clump_medium,
          infiniplex_forest_clump_double, infiniplex_forest_pool,
          infiniplex_forest_side_room, infiniplex_forest_straight_2,
          infiniplex_forest_clump_small
D:2:      tso_altar, chequers_ecumenical_altar_simple_redux,
          minmay_misc_feat_tiny

Action                   || total
-------------------------++-------
Melee: Unarmed           ||    69
       Headbutt          ||     9
       Punch             ||     1
 Cast: Beastly Appendage ||    15
       Sticks to Snakes  ||     1
 Abil: Spit Poison       ||     3
  Use: Scroll            ||     3
 Stab: Sleeping          ||     1
  Eat: Chunk             ||     2
Armor: Robe              ||    10
Dodge: Dodged            ||    36

Table legend:
 A = Non-vault XP
 B = Vault XP
 C = Vault XP percentage of total XP
 D = Non-vault monster count
 E = Vault monster count
 F = Vault count percentage of total count
                 A         B        C        D         E       F
            +---------+---------+-------+---------+---------+-------
      Total |      31 |       0 |   0.0 |      19 |       0 |   0.0
            +---------+---------+-------+---------+---------+-------
        D:1 |      24 |       0 |   0.0 |      15 |       0 |   0.0
        D:2 |       7 |       0 |   0.0 |       4 |       0 |   0.0
            +---------+---------+-------+---------+---------+-------
